AoeStats
← Dafixios

Arabia

509659100Analyzed
1v1 RM · 5d ago on Sep 27, 2026· 52m 33s· 2 players
Game mode
Random Map
Map size
Tiny (2 player)
Population
200
Speed
Normal
Resources
Standard
Victory
Conquest
Starting age
Dark Age
Ending age
Imperial Age
RankedLock teamsTeams togetherTeam positionsShared explorationLock speedFull tech treeHidden civsTurbo modeCheats
Victory
Defeat
🇲🇽 Franks · Mexico
1179
+15
🇺🇸 Varangians · United States
1168
-15
vvv
9:52 Feudal Age
9:54 Man-at-Arms
11:16 Horse Collar
14:08 Double-Bit Axe
16:00 Loom
20:28 Castle Age
18:47 Bloodlines
19:55 Forging
19:51 Scale Barding Armor
22:35 Chain Barding Armor
24:09 Husbandry
24:19 Gold Mining
27:03 Fletching
28:04 Wheelbarrow
28:00 Town Watch
29:56 Iron Casting
31:41 Hand Cart
32:42 Bodkin Arrow
38:46 Imperial Age
38:51 Cavalier
40:34 Plate Barding Armor
41:00 Blast Furnace
41:05 Bracer
50:05 Padded Archer Armor
Dafixios
7:11 Loom
9:26 Feudal Age
13:03 Forging
14:02 Scale Barding Armor
13:54 Double-Bit Axe
20:12 Castle Age
19:55 Fletching
21:14 Husbandry
24:52 Wheelbarrow
24:21 Gold Mining
27:57 Ballistics
28:16 Bow Saw
28:42 Bodkin Arrow
31:26 Fervor
31:36 Sanctity
32:10 Chain Barding Armor
34:19 Devotion
34:11 Ordonnance Companies
34:55 Town Watch
39:18 Imperial Age
38:32 Hand Cart
38:57 Iron Casting
39:49 Masonry
39:26 Cavalier
41:10 Blast Furnace
40:45 Plate Barding Armor
41:02 Gold Shaft Mining
41:41 Chemistry
41:53 Architecture
44:53 Pikeman
45:34 Squires
44:57 Paladin
45:53 Siege Engineers
47:18 Scale Mail Armor
49:49 Chain Mail Armor
50:21 Halberdier
52:11 Town Patrol
Connection lost

Rejoining the realm…

Still unreachable

The connection could not be restored.

Session expired

The server has moved on; the page needs a fresh start.